SBL
COBURG BANKERS @ FOOTSCRAY BULLDOGS
04/20/2022
 
TOP OF THE 1ST
Coburg Bankers batting - Pitching for Footscray Bulldogs : RHP Camron Lonsdale
Pitching: RHP Camron Lonsdale
Batting: RHB Errol Loder 0-0: Foul Ball, location: 2F
0-1: Swinging Strike
0-2: Strikes out swinging
Batting: RHB Geordi Fry 0-0: Called Strike
0-1: Ball
1-1: Ball
2-1: Ball
3-1: Foul Ball, location: 2F
3-2: Foul Ball, location: 9LSF
3-2: Strikes out swinging
Batting: LHB Jamie Francis 0-0: Fly out, F9 (Flyball, 9, EV 85.0 MPH)
Top of the 1st over - 0 runs, 0 hits, 0 errors, 0 left on base; Coburg 0 - Footscray 0
BOTTOM OF THE 1ST
Footscray Bulldogs batting - Pitching for Coburg Bankers : RHP Cole Fepuleai
Pitching: RHP Cole Fepuleai
Batting: RHB Jeff Wintle 0-0: Ball
1-0: Ball
2-0: Foul Ball, location: 3FF
2-1: Ground out 6-3 (Groundball, P, EV 85.6 MPH)
Batting: RHB Brad Angwin 0-0: Ball
1-0: Ball
2-0: Foul Ball, location: 25FF
2-1: Ball
3-1: Base on Balls
Batting: RHB Bob Alley 0-0: SINGLE (Line Drive, 6MD, EV 101.9 MPH)
Brad Angwin to second
Batting: RHB Colin Matthews 0-0: Swinging Strike
0-1: Swinging Strike
0-2: Strikes out swinging
Batting: RHB Luke Gayford 0-0: Ball
1-0: Ball
2-0: Called Strike
2-1: SINGLE (Groundball, 4MD, EV 104.4 MPH)
Brad Angwin to third
Bob Alley to second
Runner from 3rd tries for Home, SAFE, throw by CF to home
Batting: RHB Frank Hore 0-0: Ball
1-0: Ground out 4-3 (Groundball, 4S, EV 88.8 MPH)
Bottom of the 1st over - 1 run, 2 hits, 0 errors, 2 left on base; Coburg 0 - Footscray 1
TOP OF THE 2ND
Coburg Bankers batting - Pitching for Footscray Bulldogs : RHP Camron Lonsdale
Batting: LHB Todd Sparkes 0-0: Ball
1-0: Ground out 1-3 (Groundball, 15S, EV 65.0 MPH)
Batting: RHB Jerome Tomlinson 0-0: Swinging Strike
0-1: Swinging Strike
0-2: Ground out 5-3 (Groundball, 56, EV 98.1 MPH)
Batting: LHB W.C. Pybus 0-0: Called Strike
0-1: Fly out, F9 (Flyball, 9LS, EV 92.5 MPH)
Top of the 2nd over - 0 runs, 0 hits, 0 errors, 0 left on base; Coburg 0 - Footscray 1
BOTTOM OF THE 2ND
Footscray Bulldogs batting - Pitching for Coburg Bankers : RHP Cole Fepuleai
Batting: RHB Marvin Fairchild 0-0: Called Strike
0-1: Swinging Strike
0-2: Fly out, F7 (Flyball, 78D, EV 105.6 MPH)
Batting: SHB Matt Brentnall 0-0: Fly out, F6 (Popup, 6M, EV 61.3 MPH)
Batting: RHB Ray Donaldson 0-0: Ball
1-0: Called Strike
1-1: Ball
2-1: Called Strike
2-2: Fly out, F9 (Line Drive, 9, EV 90.0 MPH)
Bottom of the 2nd over - 0 runs, 0 hits, 0 errors, 0 left on base; Coburg 0 - Footscray 1
TOP OF THE 3RD
Coburg Bankers batting - Pitching for Footscray Bulldogs : RHP Camron Lonsdale
Batting: RHB Cyril Bowman 0-0: Fly out, F9 (Flyball, 9, EV 98.8 MPH)
Batting: LHB Alan Gordon 0-0: Called Strike
0-1: Ball
1-1: Ball
2-1: Foul Ball, location: 2F
2-2: Strikes out swinging
Batting: RHB Daniel Dare 0-0: Swinging Strike
0-1: Ball
1-1: Swinging Strike
1-2: Fly out, F4 (Popup, 4D, EV 51.3 MPH)
Top of the 3rd over - 0 runs, 0 hits, 0 errors, 0 left on base; Coburg 0 - Footscray 1
BOTTOM OF THE 3RD
Footscray Bulldogs batting - Pitching for Coburg Bankers : RHP Cole Fepuleai
Batting: RHB Jeff Wintle 0-0: Swinging Strike
0-1: Ground out 5-3 (Groundball, 5, EV 88.1 MPH)
Batting: RHB Brad Angwin 0-0: Ball
1-0: Ball
2-0: Called Strike
2-1: Ball
3-1: Reached on error, E6 (Groundball, 6, EV 101.9 MPH)
Batting: RHB Bob Alley 0-0: Fielders Choice at 2nd, 1-6 (Groundball, 34S, EV 71.9 MPH)
Batting: RHB Colin Matthews 0-0: Ball
1-0: SINGLE (Groundball, 56S, EV 69.4 MPH) (infield hit)
Bob Alley to second
Batting: RHB Luke Gayford 0-0: Called Strike
0-1: Ball
1-1: Ball
2-1: Swinging Strike
2-2: Strikes out swinging
Bottom of the 3rd over - 0 runs, 1 hit, 1 error, 2 left on base; Coburg 0 - Footscray 1
TOP OF THE 4TH
Coburg Bankers batting - Pitching for Footscray Bulldogs : RHP Camron Lonsdale
Batting: RHB Errol Loder 0-0: Ball
1-0: Ball
2-0: Ball
3-0: Called Strike
3-1: Base on Balls
Batting: RHB Geordi Fry 0-0: Called Strike
0-1: Ball
1-1: Foul Ball, location: 9LMF
1-2: Ball
2-2: Fly out, F8 (Flyball, 78M, EV 92.5 MPH)
Batting: LHB Jamie Francis 0-0: Ball
1-0: Foul Ball, location: 7LMF
1-1: Ball
2-1: Foul Ball, location: 2F
2-2: Fielders Choice at 2nd, 1-6 (Groundball, 13S, EV 69.4 MPH)
Batting: LHB Todd Sparkes 0-0: Ball
1-0: Ball
2-0: Foul Ball, location: 7LMF
2-1: Foul Ball, location: 2F
2-2: Foul Ball, location: 2F
2-2: Hit by Pitch
Jamie Francis to second
Batting: RHB Jerome Tomlinson 0-0: Ball
1-0: Swinging Strike
1-1: Ball
2-1: Fielders Choice at 2nd, U6 (Groundball, 6M, EV 103.8 MPH)
Top of the 4th over - 0 runs, 0 hits, 0 errors, 2 left on base; Coburg 0 - Footscray 1
BOTTOM OF THE 4TH
Footscray Bulldogs batting - Pitching for Coburg Bankers : RHP Cole Fepuleai
Batting: RHB Frank Hore 0-0: Ball
1-0: Foul Ball, location: 2F
1-1: SINGLE (Line Drive, 6M, EV 103.8 MPH)
Batting: RHB Marvin Fairchild 0-0: Ball
1-0: Ball
2-0: Grounds into double play, 5-4-3 (Groundball, 5S, EV 79.4 MPH)
Batting: SHB Matt Brentnall 0-0: Ball
1-0: Called Strike
1-1: Called Strike
1-2: Ground out 5-3 (Groundball, 56, EV 90.0 MPH)
Bottom of the 4th over - 0 runs, 1 hit, 0 errors, 0 left on base; Coburg 0 - Footscray 1
TOP OF THE 5TH
Coburg Bankers batting - Pitching for Footscray Bulldogs : RHP Camron Lonsdale
Batting: LHB W.C. Pybus 0-0: Foul Ball, location: 9LMFF
0-1: Ground out 4-3 (Groundball, 4, EV 90.6 MPH)
Batting: RHB Cyril Bowman 0-0: Ball
1-0: Called Strike
1-1: Ground out 6-3 (Groundball, 6S, EV 76.9 MPH)
Batting: LHB Alan Gordon 0-0: Called Strike
0-1: Ball
1-1: Ball
2-1: Foul Ball, location: 5DF
2-2: Foul Ball, location: 9LSF
2-2: DOUBLE (Line Drive, 89XD, EV 110.6 MPH)
Batting: RHB Daniel Dare 0-0: Ball
1-0: Called Strike
1-1: Called Strike
1-2: Ground out 6-3 (Groundball, 6, EV 106.9 MPH)
Top of the 5th over - 0 runs, 1 hit, 0 errors, 1 left on base; Coburg 0 - Footscray 1
BOTTOM OF THE 5TH
Footscray Bulldogs batting - Pitching for Coburg Bankers : RHP Cole Fepuleai
Batting: RHB Ray Donaldson 0-0: Called Strike
0-1: Ball
1-1: Foul Ball, location: 2LF
1-2: Strikes out swinging
Batting: RHB Jeff Wintle 0-0: Ball
1-0: Reached on error, E4 (Groundball, 4, EV 92.5 MPH)
Batting: RHB Brad Angwin 0-0: Ball
1-0: Ball
2-0: Ball
3-0: Called Strike
3-1: Grounds into double play, 2-4-3 (Groundball, 2L, EV 75.6 MPH)
Bottom of the 5th over - 0 runs, 0 hits, 1 error, 0 left on base; Coburg 0 - Footscray 1
TOP OF THE 6TH
Coburg Bankers batting - Pitching for Footscray Bulldogs : RHP Camron Lonsdale
Batting: RHB Errol Loder 0-0: Ground out 1-3 (Groundball, 13, EV 61.9 MPH)
Batting: RHB Geordi Fry 0-0: Ball
1-0: Ground out 5-3 (Groundball, 56, EV 105.6 MPH)
Batting: LHB Jamie Francis 0-0: Foul Ball, location: 5DF
0-1: Ball
1-1: Called Strike
1-2: Strikes out swinging
Top of the 6th over - 0 runs, 0 hits, 0 errors, 0 left on base; Coburg 0 - Footscray 1
BOTTOM OF THE 6TH
Footscray Bulldogs batting - Pitching for Coburg Bankers : RHP Cole Fepuleai
Batting: RHB Bob Alley 0-0: Fly out, F7 (Flyball, 78M, EV 82.5 MPH)
Batting: RHB Colin Matthews 0-0: Ball
1-0: Foul Ball, location: 2F
1-1: Ground out 5-3 (Groundball, 5L, EV 110.6 MPH)
Batting: RHB Luke Gayford 0-0: Ball
1-0: Ball
2-0: Ball
3-0: Called Strike
3-1: Swinging Strike
3-2: Strikes out swinging
Bottom of the 6th over - 0 runs, 0 hits, 0 errors, 0 left on base; Coburg 0 - Footscray 1
TOP OF THE 7TH
Coburg Bankers batting - Pitching for Footscray Bulldogs : RHP Camron Lonsdale
Pitching: LHP Baden Williment
Pinch Hitting: RHB Steve Jermy 0-0: Called Strike
0-1: Ball
1-1: Called Strike
1-2: Fly out, F7 (Flyball, 7LM, EV 99.4 MPH)
Batting: RHB Jerome Tomlinson 0-0: Foul Ball, location: 2F
0-1: Ball
1-1: Called Strike
1-2: Foul Ball, location: 3F
1-2: Foul Ball, location: 2F
1-2: Foul Ball, location: 5F
1-2: Ball
2-2: Ball
3-2: Foul Ball, location: 2F
3-2: Ground out 6-3 (Groundball, 56, EV 81.9 MPH)
Pinch Hitting: RHB Vic Orpin 0-0: Ball
1-0: Called Strike
1-1: Ball
2-1: Foul Ball, location: 2F
2-2: Foul Ball, location: 9LDF
2-2: Strikes out swinging
Top of the 7th over - 0 runs, 0 hits, 0 errors, 0 left on base; Coburg 0 - Footscray 1
BOTTOM OF THE 7TH
Footscray Bulldogs batting - Pitching for Coburg Bankers : RHP Cole Fepuleai
Now at 1B: Vic Orpin
Now in LF: Steve Jermy
Batting: RHB Frank Hore 0-0: Ball
1-0: Swinging Strike
1-1: Foul Ball, location: 2F
1-2: Strikes out swinging
Batting: RHB Marvin Fairchild 0-0: Ball
1-0: Called Strike
1-1: Foul Ball, location: 9LMF
1-2: Ball
2-2: Ball
3-2: Base on Balls
Batting: SHB Matt Brentnall 0-0: Ball
1-0: Called Strike
1-1: Ball
2-1: Fly out, F9 (Line Drive, 9, EV 96.3 MPH)
Pinch Hitting: RHB Marc Dumbrill 0-0: Swinging Strike
0-1: Ball
1-1: Ball
2-1: Called Strike
2-2: SINGLE (Groundball, P, EV 90.6 MPH) (infield hit)
Marvin Fairchild to second
Pinch Hitting: LHB Ethan Rymer 0-0: Swinging Strike
0-1: Ball
1-1: Ball
2-1: Swinging Strike
2-2: Strikes out looking
Bottom of the 7th over - 0 runs, 1 hit, 0 errors, 2 left on base; Coburg 0 - Footscray 1
TOP OF THE 8TH
Coburg Bankers batting - Pitching for Footscray Bulldogs : LHP Baden Williment
Now at SS: Bill Bransington
Now in LF: Joel Pauling
Batting: RHB Cyril Bowman 0-0: Ball
1-0: Ball
2-0: Fly out, F8 (Flyball, 8LM, EV 96.3 MPH)
Batting: LHB Alan Gordon 0-0: Called Strike
0-1: Ground out 4-3 (Groundball, 34, EV 86.9 MPH)
Batting: RHB Daniel Dare 0-0: Ball
1-0: Swinging Strike
1-1: Called Strike
1-2: Ground out 5-3 (Groundball, 56S, EV 76.3 MPH)
Top of the 8th over - 0 runs, 0 hits, 0 errors, 0 left on base; Coburg 0 - Footscray 1
BOTTOM OF THE 8TH
Footscray Bulldogs batting - Pitching for Coburg Bankers : RHP Cole Fepuleai
Batting: RHB Brad Angwin 0-0: Ball
1-0: Swinging Strike
1-1: Ball
2-1: Fly out, F3 (Popup, 3L, EV 70.0 MPH)
Pitching: LHP Shane Peacock
Batting: RHB Bob Alley 0-0: Ball
1-0: Ball
2-0: Called Strike
2-1: Foul Ball, location: 2F
2-2: Ball
3-2: Foul Ball, location: 9LMF
3-2: Base on Balls
Batting: RHB Colin Matthews 0-0: Ball
1-0: Ball
2-0: Foul Ball, location: 7LMF
2-1: Grounds into double play, 4-6-3 (Groundball, 4MD, EV 109.4 MPH)
Bottom of the 8th over - 0 runs, 0 hits, 0 errors, 0 left on base; Coburg 0 - Footscray 1
TOP OF THE 9TH
Coburg Bankers batting - Pitching for Footscray Bulldogs : LHP Baden Williment
Pitching: RHP Chris Angrove
Now at C: Chris Workman
Batting: RHB Errol Loder 0-0: Called Strike
0-1: Called Strike
0-2: Ball
1-2: Ball
2-2: Ball
3-2: Fly out, F7 (Flyball, 78M, EV 93.8 MPH)
Pinch Hitting: LHB Greg Lyons 0-0: Called Strike
0-1: Ground out 6-3 (Groundball, 6M, EV 90.6 MPH)
Batting: LHB Jamie Francis 0-0: Ball
1-0: Called Strike
1-1: Foul Ball, location: 2F
1-2: Strikes out swinging
Top of the 9th over - 0 runs, 0 hits, 0 errors, 0 left on base; Coburg 0 - Footscray 1
Wednesday, April 24th , 2024 - OOTP Baseball 24.9 Build 80